 Dungeon Crawl Stone Soup version 0.28-a0-476-g0f06bd746f (webtiles) character file.

Game seed: 4579333737269969485

352 Demosthentine the Poker (level 6, -11/48 HPs)
             Began as a Merfolk Gladiator on Sept 17, 2021.
             Killed by divine providence
             ... invoked by an orc priest
              (14 damage)
             ... on level 4 of the Dungeon.
             The game lasted 00:04:14 (3186 turns).

Demosthentine the Poker (Merfolk Gladiator)         Turns: 3186, Time: 00:04:14

Health: -11/48     AC:  5    Str: 16    XL:     6   Next: 61%
Magic:  6/6        EV: 14    Int:  7    God:
Gold:   173        SH:  0    Dex: 16    Spells: 5/5 levels left

rFire   . . .      SeeInvis .   a - +0 trident
rCold   . . .      Faith    .   (no shield)
rNeg    . . .      Spirit   .   b - +0 leather armour
rPois   .          Reflect  .   c - +0 helmet
rElec   .          Harm     .   (no cloak)
rCorr   .          Rampage  .   (no gloves)
Will    .....                   i - +0 pair of boots
Stlth   +.........              (no amulet)
HPRegen 0.16/turn               (no ring)
MPRegen 0.10/turn               (no ring)

@: hasted, very quick
A: (nimble swimmer 2), mertail
a: no special abilities


You were on level 4 of the Dungeon.
You visited 1 branch of the dungeon, and saw 4 of its levels.

You collected 173 gold pieces.

Inventory:

Hand Weapons
 a - a +0 trident (weapon)
Missiles
 d - 3 throwing nets (quivered)
Armour
 b - a +0 leather armour (worn)
 c - a +0 helmet (worn)
 i - a +0 pair of boots (worn)
Scrolls
 e - a scroll of amnesia {unknown}
 f - a scroll of identify
Potions
 g - 2 potions of haste


   Skills:
 + Level 4.1 Fighting
 + Level 6.4 Polearms
 - Level 2.0 Throwing
 + Level 2.1 Armour
 + Level 5.8 Dodging


You had 5 spell levels left.
You didn't know any spells.
Your spell library was empty.

Dungeon Overview and Level Annotations

Branches:
Dungeon (4/15)
 Temple: D:4-7

Altars:


Innate Abilities, Weirdness & Mutations

((You are quick and stealthy near water. (Stealth+, EV+, Speed+++)))
Your lower body shifts to a powerful aquatic tail in water.


Message History

The water moccasin skeleton is heavily damaged.
The orc priest calls down the wrath of Beogh upon you.
Beogh smites you!
* * * LOW HITPOINT WARNING * * *
The water moccasin skeleton bites you.
* * * LOW HITPOINT WARNING * * *
Reach: a) +0 trident
Press: ? - help, Dir - move target, f/p - orc priest
Aim: an orc priest, wielding a +0 whip of electrocution and wearing a +0 chain mail (almost dead, about 29% to evade your +0 trident)
You reach to attack!
You closely miss the orc priest.
The orc priest is almost dead.
The water moccasin skeleton completely misses you.
The water moccasin skeleton barely misses you.
Reach: a) +0 trident
Press: ? - help, Dir - move target, f/p - orc priest
Aim: an orc priest, wielding a +0 whip of electrocution and wearing a +0 chain mail (almost dead, about 29% to evade your +0 trident)
The water moccasin skeleton is in the way.
You barely miss the water moccasin skeleton.
The water moccasin skeleton is heavily damaged.
The orc priest looks satisfied for a moment.
The water moccasin skeleton closely misses you.
You feel yourself speed up.
The water moccasin skeleton completely misses you.
Reach: a) +0 trident
Press: ? - help, Dir - move target, f/p - orc priest
Aim: an orc priest, wielding a +0 whip of electrocution and wearing a +0 chain mail (almost dead, about 29% to evade your +0 trident)
You reach to attack!
You hit the orc priest but do no damage.
The orc priest is almost dead.
The water moccasin skeleton bites you.
* * * LOW HITPOINT WARNING * * *
Reach: a) +0 trident
Press: ? - help, Dir - move target, f/p - orc priest
Aim: an orc priest, wielding a +0 whip of electrocution and wearing a +0 chain mail (almost dead, about 29% to evade your +0 trident)
The water moccasin skeleton is in the way.
You hit the water moccasin skeleton.
The water moccasin skeleton is severely damaged.
The orc priest invokes the aid of Beogh against you.
Beogh smites you!
You die...

# # #### ...#
### ##.# ..#
#.#
.######.####.#
#.#
oo.{..oZ.....#
#.# #Z# ##.#
#@# ...# #.#
####
########.#
#........#
#.######## #.#
#.# ########.#
.........#


You could see an orc priest, a water moccasin skeleton and a hound skeleton.

Vanquished Creatures
  A hound (D:4)
  An orc priest (D:4)
  A jelly (D:4)
  Jessica (D:3)
  4 orc wizards
  5 adders
  A shadow imp (D:4)
  3 worms
  7 orcs
  7 ball pythons
  7 endoplasms
  2 giant cockroaches (D:2)
  8 goblins
  5 hobgoblins
  3 jackals (D:2)
  A quokka (D:4)
  6 bats
  2 frilled lizards
  7 kobolds
  3 rats
75 creatures vanquished.

Notes
Turn   | Place    | Note
-------+----------+-------------------------------------------
     0 | D:1      | Demosthentine the Merfolk Gladiator began the quest for the
                  | Orb.
     0 | D:1      | Reached XP level 1. HP: 16/16 MP: 1/1
   302 | D:1      | Reached XP level 2. HP: 23/23 MP: 2/2
   773 | D:2      | Reached XP level 3. HP: 22/28 MP: 3/3
   909 | D:2      | Reached skill level 5 in Polearms
  1087 | D:2      | Reached skill level 1 in Armour
  1344 | D:2      | Reached XP level 4. HP: 35/35 MP: 4/4
  1670 | D:2      | Reached skill level 5 in Dodging
  1845 | D:3      | Found a faded altar of an unknown god.
  1872 | D:3      | Reached XP level 5. HP: 20/41 MP: 5/5
  2070 | D:3      | Noticed Jessica
  2097 | D:3      | Killed Jessica
  2786 | D:4      | Reached skill level 6 in Polearms
  2925 | D:4      | Reached XP level 6. HP: 48/48 MP: 6/6
  3185 | D:4      | HP: 2/48 [water moccasin skeleton (2)]
  3186 | D:4      | Killed from afar by an orc priest

Illustrated notes

Levels and vault maps discovered:
D:1:      eino_arrival_water_cross, layout_basic, corexii_corridor_pit,
          minmay_tripent
D:2:      layout_rooms, solitary_fountain
D:3:      layout_rooms, ebering_ecumenical_altar_box, uniq_jessica
D:4:      layout_loops_ring, hangedman_decor_opposing

Skill      XL: |  1  2  3  4  5  6 |
---------------+-------------------+-----
Polearms       | 5 6 |  6.4
Armour         | 1 2 |  2.1
Fighting       | 3 4 |  4.1
Dodging        | 5 |  5.8
Throwing       | |  2.0

Action                   |  1- 3 |  4- 6 || total
-------------------------+-------+-------++-------
Melee: Trident           |    98 |   210 ||   308
  Use: Scroll            |     2 |     2 ||     4
       Potion            |       |     3 ||     3
 Stab: Sleeping          |     1 |     1 ||     2
Armor: Leather armour    |    23 |    45 ||    68
Dodge: Dodged            |    58 |   113 ||   171

Table legend: (Time is in decaauts)
 A = Elapsed time spent in this place.
 B = Non-inter-level travel time spent in this place.
 C = Inter-level travel time spent in this place.
 D = Time resting spent in this place.
 E = Time spent auto-exploring this place.
 F = Levels seen in this place.
 G = Mean time per level.
                   A        B        C        D        E       F      G
               +--------+--------+--------+--------+--------+-----+--------+
         Total |   3198 |   3152 |     46 |    262 |   2321 |   4 |  799.5 |
       Dungeon |   3198 |   3152 |     46 |    262 |   2321 |   4 |  799.5 |
               +--------+--------+--------+--------+--------+-----+--------+

Top non-repeatable levels by time:
     D:2: 1109 daAuts
     D:3: 918 daAuts
     D:1: 734 daAuts
     D:4: 435 daAuts
